 Dungeon Crawl Stone Soup version 0.20-a0-876-g2c7b0bf (webtiles) character file.

24 M4edhros the Ruffian (level 2, -2/23 HPs)
             Began as a Minotaur Transmuter on Mar 15, 2017.
             Slain by a hound (3 damage)
             ... on level 4 of the Dungeon.
             The game lasted 00:01:08 (245 turns).

M4edhros the Ruffian (Minotaur Transmuter)           Turns: 245, Time: 00:01:09

Health: -2/23      AC:  2    Str: 14    XL:     2   Next: 79%
Magic:  2/3        EV: 12    Int: 10    God:
Gold:   15         SH:  0    Dex: 12    Spells: 2/3 levels left

rFire    . . .     SeeInvis .     - Unarmed
rCold    . . .     Gourm    .   b - +0 robe
rNeg     . . .     Faith    .   (no shield)
rPois    .         Spirit   .   (helmet restricted)
rElec    .         Reflect  .   (no cloak)
rCorr    .         Harm     .   (no gloves)
MR       .....     Clarity  +   (boots currently unavailable)
Stlth    +.........             (no amulet)
Regen    0.1/turn               (no ring)
MPRegen  0.1/turn               g - ring of wizardry

@: appendage
A: retaliatory headbutt, horns 2, talons 3, agile 1, clarity
a: End Transformation


You were on level 4 of the Dungeon.
You were not hungry.
You had grown temporary talons.
You visited 1 branch of the dungeon, and saw 4 of its levels.

You collected 15 gold pieces.

Inventory:

Missiles
 a - 12 arrows
Armour
 b - a +0 robe (worn)
 h - a +0 shield
Jewellery
 g - a ring of wizardry (left hand)
Scrolls
 e - a scroll of enchant weapon {unknown}
 f - a scroll of fog {unknown}
Books
 c - a book of Changes

   Spells                             Type                      Level
   a - Beastly Appendage              Transmutation                1
   b - Sticks to Snakes               Transmutation                2
   c - Spider Form                    Transmutation/Poison         3
   d - Ice Form                       Ice/Transmutation            4
   e - Blade Hands                    Transmutation                5
Comestibles
 d - a bread ration
 i - a fruit


   Skills:
 - Level 1.2 Fighting
 - Level 2.1 Dodging
 + Level 3.9 Unarmed Combat
 - Level 1.3 Spellcasting
 + Level 2.2 Transmutations


You had 2 spell levels left.
You knew the following spells:

 Your Spells              Type           Power        Failure   Level  Hunger
a - Beastly Appendage     Tmut           #.....       6%          1    ##.....


Dungeon Overview and Level Annotations

Branches:
Dungeon (4/15)
 Temple: D:4-7

Altars:


Innate Abilities, Weirdness & Mutations

You reflexively headbutt those who attack you in melee.
You have a pair of horns on your head.
You have claws for feet.
You are agile. (Dex +2)
You possess an exceptional clarity of mind.


Message History

There is a stone staircase leading down here.
A hound skeleton comes into view.
The hound barks!
You see here 5 gold pieces.
You now have 15 gold pieces (gained 5).
Casting: Beastly Appendage
Confirm with . or Enter, or press ? or * to list all spells.
Your feet morph into talons.
The hound bites you. x2
The hound skeleton bites you.
* * * LOW HITPOINT WARNING * * *
You hit the hound. Your kick misses the hound. You headbutt the hound!
The hound is almost dead.
The hound bites you.
* * * LOW HITPOINT WARNING * * *
The hound skeleton bites you but does no damage.
Unknown command.
You miss the hound. Your kick misses the hound.
The hound is almost dead.
The hound bites you.
You die...

#.# #.# #.# #.#
######
#.####....##
#.#.....>..#
#..........#
.......##........#
######. +......@.#
#. #.....Zh.#
..............
#.##........### #.
#......... #.
#.........#
#.........#
#####.....#


You could see a hound and a hound skeleton.

Vanquished Creatures
  An adder (D:3)
  2 dart slugs (D:2)
  2 goblins
  3 hobgoblins
  2 kobolds
  A bat (D:2)
  A frilled lizard (D:2)
12 creatures vanquished.

Notes
Turn   | Place    | Note
-------+----------+-------------------------------------------
     0 | D:1      | M4edhros the Minotaur Transmuter began the quest for the Orb.
     0 | D:1      | Reached XP level 1. HP: 16/16 MP: 1/1
   112 | D:2      | Reached XP level 2. HP: 20/23 MP: 3/3
   190 | D:3      | Gained mutation: You possess an exceptional clarity of mind. [potion of mutation]
   190 | D:3      | Gained mutation: You are agile. (Dex +2) [potion of mutation]
   244 | D:4      | HP: 1/23 [hound (6)]
   245 | D:4      | Slain by a hound

Vault maps used:
D:1:      onia_arrival_mini_spirals
D:2:      first_bread
D:3:      kennysheep_goblin_castle
D:4:      cheibrodos_quashed, minmay_temple_entry_enclosed_plants

Skill      XL: |  1  2 |
---------------+-------+-----
Transmutations | 2 |  2.2
Fighting       | |  1.2
Dodging        | |  2.1
Unarmed Combat | |  3.9
Spellcasting   | |  1.3

Action                   || total
-------------------------++-------
Melee: Unarmed           ||    31
       Headbutt          ||     3
       Kick              ||     1
 Cast: Beastly Appendage ||     2
  Use: Potion            ||     1
Armor: Robe              ||     2
Dodge: Dodged            ||    13
